 Dungeon Crawl Stone Soup version 0.25-a0-1113-g0499d652a8 (webtiles) character file.

Game seed: 17254949969452733920, levelgen mode: deterministic

20323 Flugslaktarn the Cleaver (level 12, -1/112 HPs)
             Began as a Deep Dwarf Fighter on May 16, 2020.
             Was an Elder of Makhleb.
             Shot with a bolt by a yaktaur captain (11 damage)
             ... on level 11 of the Dungeon.
             The game lasted 00:06:24 (7583 turns).

Flugslaktarn the Cleaver (Deep Dwarf Fighter)       Turns: 7583, Time: 00:06:24

Health: -1/112     AC: 24    Str: 24    XL:     12   Next: 44%
Magic:  0/23 (4)   EV:  7    Int: 15    God:    Makhleb [****..]
Gold:   475        SH: 12    Dex: 12    Spells: 11/11 levels left

rFire    . . .     SeeInvis +   a - +0 war axe
rCold    + . .     Gourm    .   c - +0 kite shield
rNeg     . . .     Faith    .   C - +3 chain mail {MR+}
rPois    +         Spirit   .   p - +3 hat of Pondering {ponderous, MR+ MP+10 Int+5}
rElec    .         Reflect  .   y - +0 cloak
rCorr    +         Harm     .   v - +2 pair of gloves
MR       +++..                  n - +1 pair of boots
Stlth    ..........             (no amulet)
HPRegen  0.00/turn              k - ring of resist corrosion
MPRegen  0.18/turn              f - ring "Zeago" {+Fly rPois rC+ MP+9 SInv}

@: non-regenerating, slow
A: damage resistance, heal wounds, sense surroundings 2, no regeneration
a: Heal Wounds, Minor Destruction, Lesser Servant of Makhleb, Major Destruction,
Renounce Religion, Evoke Flight


You were on level 11 of the Dungeon.
You worshipped Makhleb.
Makhleb was greatly pleased with you.
You were very hungry.

You visited 2 branches of the dungeon, and saw 12 of its levels.

You collected 533 gold pieces.
You spent 58 gold pieces at shops.

Inventory:

Hand Weapons
 a - a +0 war axe (weapon)
 b - a +3 scimitar of flaming
   (You took it off Erica on level 9 of the Dungeon)
Missiles
 A - 3 throwing nets (quivered)
Armour
 c - a +0 kite shield (worn)
 n - a +1 pair of boots (worn)
   (You found it on level 6 of the Dungeon)
 p - the +3 hat of Pondering (worn) {ponderous, MR+ MP+10 Int+5}
   (You found it on level 5 of the Dungeon)

   It affects your intelligence (+5).
   It affects your resistance to hostile enchantments.
   It affects your magic capacity (+10).
 v - a +2 pair of gloves (worn)
   (You found it on level 11 of the Dungeon)
 y - a +0 cloak (worn)
   (You found it on level 7 of the Dungeon)
 C - a +3 chain mail of magic resistance (worn)
   (You took it off an orc warrior on level 11 of the Dungeon)
Jewellery
 f - the ring "Zeago" (right hand) {+Fly rPois rC+ MP+9 SInv}
   (You took it off an orc warrior on level 11 of the Dungeon)

   [ring of magical power]

   It protects you from cold.
   It protects you from poison.
   It affects your magic capacity (+9).
   It lets you see invisible.
   It lets you fly.
 k - a ring of resist corrosion (left hand)
   (You found it on level 7 of the Dungeon)
Wands
 g - a wand of clouds (3)
   (You found it on level 10 of the Dungeon)
 l - a wand of paralysis (7)
   (You took it off Maurice on level 11 of the Dungeon)
 s - a wand of iceblast (10)
   (You found it on level 7 of the Dungeon)
Scrolls
 r - 2 scrolls of identify
 t - a scroll of teleportation
 x - 4 scrolls of remove curse
Potions
 d - a potion of might
 h - a potion of resistance {unknown}
 i - a potion of magic
 j - a potion of ambrosia
 o - 2 potions of degeneration
 q - 4 potions of curing
 z - a potion of cancellation
 B - a potion of lignification
Miscellaneous
 u - a tin of tremorstones (1/3)
   (You found it on level 11 of the Dungeon)
Comestibles
 e - 13 rations


   Skills:
 + Level 8.4 Fighting
 * Level 13.1 Axes
 + Level 9.9 Armour
 + Level 10.0 Shields
 + Level 9.2 Invocations
 - Level 6.0 Evocations


You had 11 spell levels left.
You didn't know any spells.
Your spell library was empty.

Dungeon Overview and Level Annotations

Branches:
Dungeon (11/15)            Temple (1/1) D:7            Lair (0/6) D:11
    Orc (0/2) D:11

Altars:
Ashenzari
Dithmenos
Elyvilon
Fedhas
Gozag
Hepliaklqana
Kikubaaqudgha
Makhleb
Nemelex Xobeh
Okawaru
Qazlal
Ru
Sif Muna
Trog
Uskayaw
Vehumet
Wu Jian
Xom
Yredelemnul
Zin
The Shining One

Shops:
D:4 [

Annotations:
D:6 2 transporters


Innate Abilities, Weirdness & Mutations

You are resistant to damage.
You can heal yourself by infusing magical energy.
You passively map the area around you.
You do not regenerate.


Message History

You are too injured to fight recklessly!
You are too injured to fight recklessly!
Your magical essence is drained by the effort!
You feel much better. The ettin closely misses you.
The ettin hits you with a +1 antimagic dire flail!!
* * * LOW HITPOINT WARNING * * *
You feel your power leaking away.
You feel much better.
The ettin hits you with a +0 dire flail!!
* * * LOW HITPOINT WARNING * * *
The ettin hits you with a +1 antimagic dire flail!
* * * LOW HITPOINT WARNING * * *
Okay, then.
You feel much better. You block the ettin's attack.
The ettin hits you with a +1 antimagic dire flail!!
* * * LOW HITPOINT WARNING * * *
You feel your power leaking away.
A basilisk comes into view.
The yaktaur captain shoots a bolt.
The bolt hits you!
You die...

#.(#.# #....#.# ##..##l#
#...,#.# ##. #c# *.:, #.##
#######.C## ##.#.....#.#* **
######.#.#...#@## ,
*#.......#.#.#.#.#,,, ,
####### ..######..#.#.#..# ,
#...... ,, * #...#.#...#
#...... * ,
#.)#.#.#..######..#...... ,
, ,#.#[#.#.#)......# #......
* ##.#...#.#.#####..#[.....
#.#.....#.#†....###...... ,
,,,##..######.#.###..#......


You could see a yaktaur captain and a basilisk.

Vanquished Creatures
  A storm dragon (D:11)
  A tengu reaver (D:11)
  A stone giant (D:11)
  Harold (D:7)
  Fannar (D:11)
  Erica (D:9)
  A two-headed ogre (D:9)
  A deep troll earth mage (D:11)
  An unseen horror (D:11)
  Pikel (D:9)
  A manticore (D:11)
  A cyclops (D:11)
  Maurice (D:11)
  Psyche (D:11)
  2 gargoyles (D:11)
  An efreet (D:11)
  2 trolls
  A hippogriff (D:10)
  A centaur simulacrum (D:11)
  9 yaks (D:11)
  A wyvern (D:9)
  A spriggan (D:7)
  A wraith (D:11)
  A shadow (D:11)
  A basilisk (D:11)
  A hungry ghost (D:9)
  Edmund (D:5)
  A soldier ant (D:11)
  2 water moccasins (D:10)
  3 porcupines (D:11)
  4 sky beasts
  8 orc warriors
  A black bear (D:7)
  An ice beast (D:9)
  A slave (D:9)
  A hornet zombie (D:11)
  2 phantoms
  4 necrophages
  7 ogres
  10 centaurs
  2 crocodiles (D:11)
  2 big kobolds
  4 bullfrogs
  2 wyvern skeletons
  4 scorpions
  3 killer bees (D:11)
  8 wights
  A howler monkey (D:10)
  6 crimson imps
  A quasit (D:7)
  3 bullfrog zombies
  A centaur zombie (D:5)
  4 orc priests
  6 hounds
  4 jellies
  3 bullfrog skeletons
  4 iguanas
  3 worker ants (D:8)
  7 orc wizards
  2 hound skeletons
  A howler monkey zombie (D:11)
  A howler monkey skeleton (D:7)
  6 adders
  5 gnolls
  2 shadow imps
  A dart slug (D:2)
  7 leopard geckos
  41 orcs
  A bat (D:1)
  3 giant cockroaches
  2 hobgoblins
  9 jackals
  6 quokkas
  7 kobolds
  A leopard gecko skeleton (D:4)
  A quokka skeleton (D:9)
  A quokka zombie (D:9)
  A rat (D:3)
248 creatures vanquished.

Vanquished Creatures (others)
  An unseen horror (D:11)
  A sky beast (D:11)
  A slave (D:9)
  2 orc wizards (D:9)
  A hound zombie (D:11)
  An orc (D:9)
  5 bushes (D:11)
  A fungus (D:11)
  12 plants (D:11)
25 creatures vanquished.

Grand Total: 273 creatures vanquished

Notes
Turn   | Place    | Note
-------+----------+-------------------------------------------
     0 | D:1      | Flugslaktarn the Deep Dwarf Fighter began the quest for the
                  | Orb.
     0 | D:1      | Reached XP level 1. HP: 20/20 MP: 1/1
   105 | D:2      | Reached XP level 2. HP: 13/27 MP: 2/2
   301 | D:3      | Reached skill level 3 in Axes
   325 | D:3      | Reached XP level 3. HP: 26/33 MP: 3/3
   388 | D:4      | Found a hazy altar of Hepliaklqana.
   397 | D:4      | Found a sacrificial altar of Ru.
   457 | D:4      | Reached XP level 4. HP: 40/42 MP: 4/4
   471 | D:4      | Noticed a necrophage
   483 | D:4      | Killed a necrophage
   483 | D:4      | Reached skill level 4 in Axes
   483 | D:4      | Reached XP level 5. HP: 45/49 MP: 5/5
   755 | D:4      | Found Cics's Armour Shoppe.
   760 | D:4      | Bought a +0 pair of gloves for 58 gold pieces
  1173 | D:5      | Entered Level 5 of the Dungeon
  1173 | D:5      | Noticed an ogre
  1188 | D:5      | Killed an ogre
  1188 | D:5      | Reached XP level 6. HP: 40/57 MP: 5/5
  1202 | D:5      | Reached skill level 5 in Axes
  1230 | D:5      | Noticed Edmund
  1253 | D:5      | Killed Edmund
  1253 | D:5      | Reached XP level 7. HP: 35/64 MP: 6/6
  1352 | D:5      | Found the +3 hat of Pondering {ponderous, MR+ MP+10 Int+5}
  1610 | D:5      | Reached skill level 5 in Shields
  1661 | D:5      | Reached skill level 5 in Armour
  2015 | D:6      | Found a shimmering altar of Xom.
  2057 | D:6      | Reached skill level 6 in Axes
  2379 | D:6      | Found a transporter.
  2515 | D:6      | Found a transporter.
  2847 | D:7      | Found a sparkling altar of Nemelex Xobeh.
  2894 | D:7      | Reached XP level 8. HP: 72/73 MP: 7/7
  2945 | D:7      | Reached skill level 7 in Axes
  3012 | D:7      | Found a bloodstained altar of Trog.
  3132 | D:7      | Found a staircase to the Ecumenical Temple.
  3231 | D:7      | Reached skill level 5 in Fighting
  3322 | Temple   | Entered the Ecumenical Temple
  3477 | Temple   | Became a worshipper of Makhleb the Destroyer
  3528 | D:7      | Reached skill level 1 in Invocations
  3544 | D:7      | Reached skill level 8 in Axes
  3599 | D:7      | Found a shimmering blue altar of Sif Muna.
  3822 | D:7      | Noticed Harold
  3847 | D:7      | Killed Harold
  3847 | D:7      | Gained mutation: You passively map the area around you.
                  | [Deep Dwarf growth]
  3847 | D:7      | Reached XP level 9. HP: 33/82 MP: 10/10
  3979 | D:8      | Reached skill level 9 in Axes
  4017 | D:8      | Found a hide-covered altar of Uskayaw.
  4172 | D:8      | Reached * piety under Makhleb
  4309 | D:8      | Found a white marble altar of Elyvilon.
  4309 | D:8      | Found a glowing golden altar of the Shining One.
  4318 | D:8      | Found a glowing silver altar of Zin.
  4412 | D:8      | Found a white marble altar of Elyvilon.
  4630 | D:9      | Noticed a two-headed ogre
  4646 | D:9      | Killed a two-headed ogre
  4646 | D:9      | Reached skill level 10 in Axes
  4646 | D:9      | Reached skill level 5 in Invocations
  4646 | D:9      | Reached XP level 10. HP: 68/92 MP: 11/11
  4741 | D:9      | Reached ** piety under Makhleb
  4762 | D:9      | Noticed Erica
  4768 | D:9      | Noticed Pikel
  4811 | D:9      | Killed Pikel
  4811 | D:9      | HP: 3/92 [Erica/bolt of poison (25)]
  4820 | D:9      | Killed Erica
  4947 | D:9      | Reached skill level 11 in Axes
  5402 | D:10     | Entered Level 10 of the Dungeon
  5466 | D:10     | Reached *** piety under Makhleb
  5738 | D:10     | Reached XP level 11. HP: 87/100 MP: 10/10
  6581 | D:11     | Found a staircase to the Orcish Mines.
  6581 | D:11     | Noticed Psyche
  6594 | D:11     | Reached **** piety under Makhleb
  6605 | D:11     | Killed an unseen horror
  6611 | D:11     | Killed Psyche
  6697 | D:11     | Reached skill level 1 in Evocations
  6704 | D:11     | Noticed a deep troll earth mage
  6748 | D:11     | Killed a deep troll earth mage
  6778 | D:11     | Noticed a storm dragon
  6816 | D:11     | HP: 4/100 [storm dragon/bolt of lightning (27)]
  6828 | D:11     | Killed a storm dragon
  6828 | D:11     | Reached skill level 12 in Axes
  6880 | D:11     | Found a glowing golden altar of the Shining One.
  6883 | D:11     | Noticed Maurice
  6898 | D:11     | Killed Maurice
  6910 | D:11     | Found a staircase to the Lair.
  6949 | D:11     | Reached XP level 12. HP: 110/110 MP: 6/6
  6977 | D:11     | Noticed Fannar
  7012 | D:11     | Killed Fannar
  7403 | D:11     | Noticed a tengu reaver
  7408 | D:11     | Noticed a stone giant
  7436 | D:11     | Killed a tengu reaver
  7437 | D:11     | Killed a stone giant
  7437 | D:11     | Reached skill level 13 in Axes
  7442 | D:11     | Identified the +4 quarterstaff "Pask" {speed, MP-9 Int+5
                  | Dex+8}
  7442 | D:11     | Identified the ring "Zeago" {+Fly rPois rC+ MP+9 SInv}
  7448 | D:11     | Reached skill level 10 in Shields
  7566 | D:11     | Noticed an ettin
  7566 | D:11     | Noticed a yaktaur captain
  7583 | D:11     | Shot with a bolt by a yaktaur captain

Illustrated notes

Levels and vault maps discovered:
D:1:      dpeg_arrival_simpleton_c, layout_rooms, roderic_st_hans_cross
D:2:      layout_basic, first_ration
D:3:      layout_basic, cheibriados_altar_1, nrook_campfire
D:4:      layout_basic, amethyst_overflow_temple_binary, serial_shops,
          nicolae_shop_temple_entry_statues_fountains,
          kennysheep_generic_room_11
D:5:      layout_loops_cross, serial_glass, glass_columns_a, glass_columns_b,
          minmay_fractal_squares_diagonal_5, uniq_edmund
D:6:      gammafunk_steamed_eel, layout_loops_corners, xom_teletrap_fun,
          hangedman_decor_riveting, amethyst_killhole
D:7:      layout_cave_pods, old_standard_altar, nicolae_overflow_crystal_walls,
          led_sif_pool, minmay_temple_entry_grid, the_bakery,
          chequers_serial_rivers_micro_e, uniq_harold
D:8:      layout_cave_pools, good_gods_mini_temple,
          eat_drink_and_be_merry_uskayaw, elyvilon_altar_3
D:9:      layout_loops_ring, uniq_erica, uniq_pikel
D:10:     layout_stronghold
D:11:     minmay_tearing_corner, layout_basic, minmay_lair_entry_grove,
          david_orc_2, basic_altar, uniq_psyche, uniq_fannar, uniq_maurice
Temple:   minmay_temple_curvy_loop

Skill      XL: |  1  2  3  4  5  6  7  8  9 10 11 12 |
---------------+-------------------------------------+-----
Axes           | 3 4 5 6 8 10 11 12 13 | 13.1
Fighting       | 3 4 5 6 7 8 |  8.4
Armour         | 4 5 6 7 8 9 |  9.9
Shields        | 4 5 6 7 8 9 10 | 10.0
Invocations    | 3 5 6 8 9 |  9.2
Evocations     | 6 |  6.0

Action                   |  1- 3 |  4- 6 |  7- 9 | 10-12 || total
-------------------------+-------+-------+-------+-------++-------
Melee: War axe           |    68 |    90 |   413 |   750 ||  1321
 Abil: Heal Wounds       |     2 |     4 |    18 |    37 ||    61
Evoke: Tin of tremorston |       |       |       |     3 ||     3
       Wand              |       |       |       |     3 ||     3
  Use: Scroll            |       |       |       |    16 ||    16
       Potion            |       |       |       |     1 ||     1
  Eat: Chunk             |       |     1 |     9 |    10 ||    20
       Ration            |       |       |     1 |     1 ||     2
Armor: Scale mail        |    38 |     6 |       |       ||    44
       Chain mail        |       |    25 |       |     2 ||    27
       Plate armour      |       |       |   315 |   591 ||   906
       Skin              |       |       |       |     1 ||     1
Dodge: Dodged            |    33 |    15 |    75 |   153 ||   276
Block: Kite shield       |    45 |    37 |   272 |   522 ||   876

Table legend:
 A = Non-vault XP
 B = Vault XP
 C = Vault XP percentage of total XP
 D = Non-vault monster count
 E = Vault monster count
 F = Vault count percentage of total count
                 A         B        C        D         E       F
            +---------+---------+-------+---------+---------+-------
      Total |   12637 |   16397 |  56.5 |     204 |      45 |  18.1
            +---------+---------+-------+---------+---------+-------
        D:1 |       9 |       0 |   0.0 |       5 |       0 |   0.0
        D:2 |       7 |       0 |   0.0 |       2 |       0 |   0.0
        D:3 |      25 |       0 |   0.0 |       8 |       0 |   0.0
        D:4 |     307 |       0 |   0.0 |      14 |       0 |   0.0
        D:5 |     105 |     424 |  80.2 |       7 |       6 |  46.2
        D:6 |     265 |       0 |   0.0 |      10 |       0 |   0.0
        D:7 |    1410 |    1233 |  46.7 |      27 |       2 |   6.9
        D:8 |    1406 |       0 |   0.0 |      42 |       0 |   0.0
        D:9 |    3080 |    1586 |  34.0 |      29 |       2 |   6.5
       D:10 |    1509 |       0 |   0.0 |      23 |       0 |   0.0
       D:11 |    4514 |   13154 |  74.5 |      37 |      35 |  48.6
            +---------+---------+-------+---------+---------+-------
